 Dungeon Crawl Stone Soup version 0.28-a0-657-g71136c5590 (webtiles) character file.

Game seed: 18341905199263662719

18 KristoblXynda the Sneak (level 2, 0/15 HPs)
             Began as a Spriggan Brigand on Oct 13, 2021.
             Frozen to death by an endoplasm (5 damage)
             ... on level 2 of the Dungeon.
             The game lasted 00:00:35 (857 turns).

KristoblXynda the Sneak (Spriggan Brigand)           Turns: 857, Time: 00:00:35

Health: 0/15       AC:  3    Str:  7    XL:     2   Next: 51%
Magic:  3/3        EV: 17    Int: 12    God:
Gold:   83         SH:  0    Dex: 16    Spells: 1/1 levels left

rFire   . . .      SeeInvis +   a - +2 dagger
rCold   . . .      Faith    .   (shield restricted)
rNeg    . . .      Spirit   .   b - +0 robe
rPois   .          Reflect  .   (helmet restricted)
rElec   .          Harm     .   c - +0 cloak
rCorr   .          Rampage  .   (gloves unavailable)
Will    .....                   (boots unavailable)
Stlth   +++.......              (no amulet)
HPRegen 0.05/turn               (no ring)
MPRegen 0.08/turn               (no ring)

@: very quick
A: very small, no large weapons, unfitting armour, see invisible, speed 3
a: no special abilities


You were on level 2 of the Dungeon.
You visited 1 branch of the dungeon, and saw 2 of its levels.

You collected 83 gold pieces.

Inventory:

Hand Weapons
 a - a +2 dagger (weapon)
Missiles
 d - 8 poisoned darts (quivered)
 e - 2 curare-tipped darts
Armour
 b - a +0 robe (worn)
 c - a +0 cloak (worn)
Scrolls
 g - a scroll of teleportation {unknown}
 h - a scroll of torment {unknown}
Potions
 f - a potion of ambrosia {unknown}


   Skills:
 + Level 1.9 Fighting
 + Level 2.5 Short Blades
 - Level 2.0 Throwing
 + Level 2.1 Dodging
 + Level 6.2 Stealth


You had one spell level left.
You didn't know any spells.
Your spell library was empty.

Dungeon Overview and Level Annotations

Branches:
Dungeon (2/15)

Altars:


Innate Abilities, Weirdness & Mutations

You are very small and have problems with some larger weapons.
You are too small for most types of armour.
You have supernaturally acute eyesight. (SInv)
You cover ground extremely quickly. (Speed+++)


Message History

No target in view!
No target in view!
An endoplasm comes into view.
You see here a frilled lizard corpse.
An endoplasm is nearby!
An endoplasm is nearby!
A bat comes into view.
You see here a coppery potion.
You see here 2 puce potions.
You hit the bat but do no damage. The bat misses you.
You hit the bat.
You kill the bat!
You barely miss the endoplasm. The endoplasm completely misses you.
You hit the endoplasm.
The endoplasm is heavily wounded.
The endoplasm freezes you.
You are frozen.
You hit the endoplasm.
The endoplasm is severely wounded.
The endoplasm freezes you.
You are frozen.
You hit the endoplasm.
The endoplasm is almost dead.
The endoplasm freezes you.
You are frozen.
You are too injured to fight recklessly!
You are too injured to fight recklessly!
You are too injured to fight recklessly!
You are too injured to fight recklessly!
You are too injured to fight recklessly!
You are too injured to fight recklessly!
You are too injured to fight recklessly!
You are too injured to fight recklessly!
You are too injured to fight recklessly!
Unknown command.
You hit the endoplasm but do no damage.
The endoplasm is severely wounded.
The endoplasm freezes you.
You are frozen.
You die...

#.....# ##
#.....#
#.....#
#...!.#
#.....#
#...!.#
#.....#
#####.....#
........@..#
.........J.#
...........#
........##.#
........# .#
........# .#
........# #
###.###


You could see an endoplasm.

Vanquished Creatures
  An adder skeleton (D:2)
  2 dart slugs
  3 bats
  An endoplasm (D:2)
  A hobgoblin (D:1)
  A quokka (D:1)
  A ball python (D:1)
  A frilled lizard (D:2)
  2 rats
13 creatures vanquished.

Notes
Turn   | Place    | Note
-------+----------+-------------------------------------------
     0 | D:1      | KristoblXynda the Spriggan Brigand began the quest for the
                  | Orb.
     0 | D:1      | Reached XP level 1. HP: 10/10 MP: 2/2
   281 | D:1      | Found a faded altar of an unknown god.
   286 | D:1      | Reached skill level 6 in Stealth
   363 | D:1      | Reached XP level 2. HP: 15/15 MP: 3/3
   857 | D:2      | Frozen to death by an endoplasm

Illustrated notes

Levels and vault maps discovered:
D:1:      wheals_arrival_linesprint, layout_rooms,
          hellmonk_ecumenical_altar_lost_god
D:2:      layout_basic, basic_altar

Skill      XL: |  1  2 |
---------------+-------+-----
Stealth        | 6 |  6.2
Dodging        | 2 |  2.1
Fighting       | |  1.9
Short Blades   | |  2.5
Throwing       | |  2.0

Action                   || total
-------------------------++-------
Melee: Dagger            ||    52
 Stab: Sleeping          ||     4
Armor: Robe              ||     7
Dodge: Dodged            ||    32

Table legend: (Time is in decaauts)
 A = Elapsed time spent in this place.
 B = Non-inter-level travel time spent in this place.
 C = Inter-level travel time spent in this place.
 D = Time resting spent in this place.
 E = Time spent auto-exploring this place.
 F = Levels seen in this place.
 G = Mean time per level.
                   A        B        C        D        E       F      G
               +--------+--------+--------+--------+--------+-----+--------+
         Total |    596 |    566 |     30 |      0 |    468 |   2 |  298.0 |
       Dungeon |    596 |    566 |     30 |      0 |    468 |   2 |  298.0 |
               +--------+--------+--------+--------+--------+-----+--------+

Top non-repeatable levels by time:
     D:1: 374 daAuts
     D:2: 222 daAuts
